 Dungeon Crawl Stone Soup version 0.20-a0-1122-gb7cbeb9 (webtiles) character file.

13 Alarkh the Digger (level 2, 19/19 HPs)
             Began as a Demonspawn Earth Elementalist on May 14, 2017.
             Got out of the dungeon alive.
             The game lasted 00:00:22 (625 turns).

Alarkh the Digger (Demonspawn Earth Elementalist)    Turns: 625, Time: 00:00:23

Health: 19/19      AC:  2    Str:  8    XL:     2   Next: 24%
Magic:  5/5        EV: 12    Int: 16    God:
Gold:   66         SH:  0    Dex: 13    Spells: 4/5 levels left

rFire    . . .     SeeInvis .   (no weapon)
rCold    . . .     Gourm    .   (no shield)
rNeg     . . .     Faith    .   c - +0 robe
rPois    .         Spirit   .   (no helmet)
rElec    .         Reflect  .   (no cloak)
rCorr    .         Harm     .   (no gloves)
MR       .....                  (no boots)
Stlth    ++........             (no amulet)
Regen    0.1/turn               (no ring)
MPRegen  0.1/turn               (no ring)

@: no status effects
A: claws 1
a: no special abilities


You escaped.
You were not hungry.

You visited 1 branch of the dungeon, and saw 1 of its levels.

You collected 66 gold pieces.

Inventory:

Missiles
 b - 21 stones (quivered)
Armour
 c - a +0 robe (worn)
Jewellery
 i - an uncursed ring of stealth {unknown}
Scrolls
 a - a scroll of recharging {unknown}
 g - a scroll of identify {unknown}
 h - a scroll of remove curse {unknown}
Books
 e - a book of Geomancy

   Spells                             Type                      Level
   a - Sandblast                      Earth                        1
   b - Passwall                       Transmutation/Earth          2
   c - Stone Arrow                    Conjuration/Earth            3
   d - Petrify                        Transmutation/Earth          4
   e - Lee's Rapid Deconstruction     Earth                        5
Comestibles
 d - a bread ration
 f - a meat ration
 j - a royal jelly


   Skills:
 - Level 1.7 Dodging
 - Level 1.7 Stealth
 + Level 2.3 Spellcasting
   Level 0.8 Transmutations
 + Level 3.1 Earth Magic


You had 4 spell levels left.
You knew the following spells:

 Your Spells              Type           Power        Failure   Level  Hunger
a - Sandblast             Erth           ##....       5%          1    #......


Dungeon Overview and Level Annotations

Branches:
Dungeon (1/15)

Altars:


Innate Abilities, Weirdness & Mutations

You have sharp fingernails.


Message History

No target in view!
No target in view!
No target in view!
Casting: Sandblast
Confirm with . or Enter, or press ? or * to list all spells.
You can't see any susceptible monsters within range! (Use Z to cast anyway.)
You start resting.
Your magical contamination has completely faded away.
HP restored.
You open the door.
There is an open door here.
Magic restored.
There is an open door here.
There is a stone staircase leading down here.
There is an open door here.
There is an open door here.
There is an open door here.
There is a staircase leading out of the dungeon here.
Are you sure you want to leave the Dungeon?
This will make you lose the game!
You have escaped!

##.#.##...####.###..##.#..≈.P≈≈≈#
..........'............#..≈.≈≈≈≈P
##.#.##...####.####.####.P≈≈≈≈≈≈.
...............# #..# #..≈.≈≈.≈.
################ ##.# #...≈≈≈≈≈P
..### ##### ######.# #.P≈≈≈≈≈P.
#...###.#.## ##...##†# #..P≈≈≈.≈#
###..###...###.....#.# #..†?.≈≈≈P
# ###...........@..#.###.#.P≈≈≈.#
# #.######..#...##...r.#..♣.P.. #
##'# #########.######## ### ##
##'## #.# .###.### #.# ..#....##
#.# .....#..# ##### #.#
#...###.####...## #.#
#..#.##..##..⌠..# #.


There were no monsters in sight!

Vanquished Creatures
  A leopard gecko (D:1)
  A bat (D:1)
  4 goblins (D:1)
  A hobgoblin (D:1)
  A kobold (D:1)
  2 rats (D:1)
10 creatures vanquished.

Notes
Turn   | Place    | Note
-------+----------+-------------------------------------------
     0 | D:1      | Alarkh the Demonspawn Earth Elementalist began the quest for the Orb.
     0 | D:1      | Reached XP level 1. HP: 13/13 MP: 3/3
   402 | D:1      | Reached skill level 3 in Earth Magic
   487 | D:1      | Gained mutation: You have sharp fingernails. [demonic ancestry]
   487 | D:1      | Reached XP level 2. HP: 19/19 MP: 3/5
   625 | D:$      | Got out of the dungeon alive.

Vault maps used:
D:1:      dpeg_cavernosity, serial_bayou, serial_bayou_pond_b,
          serial_bayou_pond_c, serial_bayou_pond_d, serial_bayou_pond_e

Skill      XL: |  1 |
---------------+----+-----
Earth Magic    | 3 |  3.1
Dodging        | |  1.7
Stealth        | |  1.7
Spellcasting   | |  2.3
Transmutations | |  0.8

Action                   || total
-------------------------++-------
Melee: Unarmed           ||    15
 Cast: Sandblast         ||     9
 Stab: Sleeping          ||     1
Armor: Robe              ||     9
Dodge: Dodged            ||    26
